 Dungeon Crawl Stone Soup version 0.27-a0-380-g150de4c316 (webtiles) character file.

Game seed: 10957199650966917738

8802 rednaxela the Carver (level 11, 0/82 HPs)
             Began as a Formicid Abyssal Knight on Feb 18, 2021.
             Was a High Priest of Lugonu.
             Slain by an ogre
             ... wielding a +0 giant club
              (5 damage)
             ... on level 10 of the Dungeon.
             The game lasted 00:32:27 (12830 turns).

rednaxela the Carver (Formicid Abyssal Knight)     Turns: 12830, Time: 00:32:28

Health: 0/82       AC: 11    Str: 24    XL:     11   Next: 62%
Magic:  15/15      EV: 10    Int: 18    God:    Lugonu [*****.]
Gold:   171        SH:  5    Dex: 12    Spells: 10/10 levels left

rFire    . . .     SeeInvis +   b - +2 short sword (distort)
rCold    . . .     Faith    .   (no shield)
rNeg     . . .     Spirit   .   n - +0 chain mail
rPois    .         Reflect  +   (helmet unavailable)
rElec    .         Harm     .   m - +0 cloak
rCorr    .         Rampage  .   (no gloves)
Will     +....                  (no boots)
Stlth    ..........             s - amulet of reflection
HPRegen  0.23/turn              c - +6 ring of strength
MPRegen  0.14/turn              l - +6 ring of intelligence

@: no status effects
A: permanent stasis, dig shafts and tunnels, four strong arms, antennae 3
a: Dig, Shaft Self, Renounce Religion, Depart the Abyss, Bend Space, Banish,
Corrupt, Enter the Abyss


You were on level 10 of the Dungeon.
You worshipped Lugonu.
Lugonu was extremely pleased with you.
You visited 3 branches of the dungeon, and saw 12 of its levels.
You visited the Abyss 1 time.

You collected 517 gold pieces.
You spent 346 gold pieces at shops.

Inventory:

Hand Weapons
 a - a +3 scimitar
   (You took it off a wight on level 7 of the Dungeon)
 b - a +2 short sword of distortion (weapon)
   (You took it off a kobold on level 2 of the Dungeon)
Missiles
 k - 2 curare-tipped darts (quivered)
Armour
 m - a +0 cloak (worn)
   (You found it on level 3 of the Dungeon)
 n - a +0 chain mail (worn)
   (You took it off an orc on level 4 of the Dungeon)
 o - +1 fire dragon scales
   (You found it on level 6 of the Dungeon)
Jewellery
 c - a +6 ring of strength (left hand)
   (You found it on level 1 of the Abyss)
 l - a +6 ring of intelligence (right hand)
   (You found it on level 3 of the Dungeon)
 s - an amulet of reflection (around neck)
   (You found it on level 5 of the Dungeon)
 t - an amulet of magic regeneration
   (You found it on level 5 of the Dungeon)
Wands
 e - a wand of digging (6) {@v3}
   (You found it on level 5 of the Dungeon)
 h - a wand of flame (23) {@v4}
   (You found it on level 4 of the Dungeon)
 r - a wand of paralysis (4)
   (You found it on level 5 of the Dungeon)
 y - a wand of polymorph (6)
   (You found it on level 8 of the Dungeon)
Scrolls
 f - 2 scrolls of fear {!r}
 i - a scroll of identify {@r1}
 j - 6 scrolls of magic mapping {@r5 !r}
 u - a scroll of enchant weapon
 w - a scroll of immolation
 x - a scroll of enchant armour
Potions
 d - a potion of flight
 g - 2 potions of brilliance
 p - a potion of ambrosia {unknown}
 q - 5 potions of lignification {@q6}
 v - a potion of cancellation {unknown}
 z - a potion of curing {@q1 !q}
 A - a potion of resistance


   Skills:
 + Level 6.3 Fighting
 - Level 14.0 Long Blades
 + Level 5.7 Armour
 + Level 4.4 Dodging
 + Level 6.1 Invocations


You had 10 spell levels left.
You didn't know any spells.
Your spell library contained the following spells:

 Spells                   Type           Power        Failure   Level
 Foxfire                  Conj/Fire      0%           82%         1
 Sandblast                Erth           0%           82%         1
 Shock                    Conj/Air       0%           82%         1
 Passwall                 Tmut/Erth      0%           91%         2
 Conjure Flame            Conj/Fire      0%           99%         3
 Inner Flame              Hex/Fire       0%           99%         3
 Static Discharge         Conj/Air       0%           99%         3
 Stone Arrow              Conj/Erth      0%           99%         3
 Airstrike                Air            0%           100%        4
 Petrify                  Tmut/Erth      0%           100%        4
 Sticky Flame             Conj/Fire      0%           100%        4
 Fireball                 Conj/Fire      0%           100%        5
 Lee's Rapid Deconstruct  Erth           0%           100%        5
 Lightning Bolt           Conj/Air       0%           100%        5
 Swiftness                Air            Unusable     N/A         2

Dungeon Overview and Level Annotations

Branches:
Dungeon (10/15)            Temple (1/1) D:7            Lair (1/6) D:8
    Orc (0/2) D:9

Altars:
Ashenzari
Cheibriados
Dithmenos
Elyvilon
Fedhas
Gozag
Hepliaklqana
Kikubaaqudgha
Makhleb
Nemelex Xobeh
Okawaru
Qazlal
Ru
Sif Muna
Trog
Uskayaw
Vehumet
Wu Jian
Xom
Yredelemnul
Zin
The Shining One
Beogh

Shops:
D:4 *   D:7 *   D:8 !

Annotations:
D:8 3 runed translucent doors, foci's ghost, novice GrFi
Abyss:1 Harold, Maurice


Innate Abilities, Weirdness & Mutations

You cannot be hasted, slowed, berserked, paralysed or teleported.
You can dig through walls and to a lower floor.
Your four strong arms can wield two-handed weapons with a shield.
You have a pair of large antennae on your head. (SInv)


Message History

An orc warrior comes into view. It is wielding a +0 trident.
The orc moves out of view.
You hear a shout! x2
Found 62 gold pieces.
Found a roughly hewn altar of Beogh.
You closely miss the orc.
The orc shouts! x2
You puncture the orc!
You kill the orc!
An orc comes into view.
You puncture the orc!
You kill the orc!
An iguana comes into view.
An orc warrior comes into view.
It is wielding a +0 glaive and wearing a +1 chain mail of cold resistance.
The orc warrior shouts!
The iguana hisses angrily.
You puncture the orc!
You kill the orc!
No target in range!
No target in range!
An orc comes into view. It is wielding a +0 falchion. x2
You block the orc's attack.
You puncture the orc!
You kill the orc!
You hit the orc.
Space bends around the orc.
The orc is moderately wounded.
The orc hits you with a +0 club.
An orc comes into view. It is wielding a +0 dagger.
You closely miss the orc.
The orc is moderately wounded.
You hit the orc.
You kill the orc!
You hit the orc.
Space bends around the orc.
The orc is moderately wounded.
The orc warrior hits you from afar with a +0 halberd of flaming!
The orc warrior burns you.
You hit the orc.
You kill the orc!
An orc comes into view. It is wielding a +0 mace.
The orc priest looks satisfied for a moment.
You hit the quokka.
The quokka is severely wounded.
The orc warrior hits you but does no damage.
The orc priest mumbles some strange prayers to Beogh against you.
Beogh smites you! The quokka barely misses you.
You puncture the quokka!
You kill the quokka!
You hit the orc.
Space warps horribly around the orc!
You kill the orc!
The orc warrior hits you from afar with a +0 halberd of flaming.
* * * LOW HITPOINT WARNING * * *
The orc warrior burns you.
* * * LOW HITPOINT WARNING * * *
The orc priest begins to cast a cantrip, but forgets the words!
The orc priest invokes the aid of Beogh against you.
Beogh smites you!
* * * LOW HITPOINT WARNING * * *
There is an open door here.
You close the door.
An orc warrior opens the door.
You see here a scroll of teleportation {@r3 !r}.
There is an open door here.
There is an open door here.
There is a stone staircase leading down here.
The orc warrior hits you from afar with a +0 trident!!
* * * LOW HITPOINT WARNING * * *
You climb downwards.
An ogre comes into view. It is wielding a +0 giant club.
The ogre shouts!
Found a chain mail and a mace.
There is a stone staircase leading up here.
Throw: 3 darts (curare)
Press: ? - help, Shift-Dir - straight line, f - ogre
Aim: an ogre, wielding a +0 giant club (75% to hit)
You throw a curare-tipped dart. The curare-tipped dart hits the ogre.
The ogre is poisoned.
The ogre convulses.
The ogre seems to slow down.
The ogre is moderately wounded.
A jelly comes into view.
A bullfrog skeleton comes into view.
Found a scroll of teleportation.
You block the bullfrog skeleton's attack.
An orc comes into view. It is wielding a +0 glaive.
An ogre comes into view. It is wielding a +0 giant club.
The ogre shouts!
The orc shouts!
You hear a shout! x2
The bullfrog skeleton completely misses you.
A centaur comes into view.
The ogre looks more healthy.
The centaur wields a +0 shortbow.
The centaur shoots an arrow.
The arrow closely misses you.
You block the bullfrog skeleton's attack.
The centaur shoots an arrow.
The arrow hits you!
* * * LOW HITPOINT WARNING * * *
Okay, then.
Are you sure you want to shaft yourself?
The bullfrog skeleton hits you but does no damage.
The centaur shoots an arrow.
The arrow closely misses you.
You begin to dig a shaft.
You continue digging a shaft.
The bullfrog skeleton hits you.
* * * LOW HITPOINT WARNING * * *
The centaur shoots an arrow.
The arrow hits you!
* * * LOW HITPOINT WARNING * * *
The ogre hits you with a +0 giant club.
You die...

{ {
######+######+#####...
...............o.{.O..
#...#...#.J#OZ.#######
.......<#...?@........
....................c.
..J..........[........
#....#.......#...#....
.........#...#...#....
.................. ...
.).###............. ##
#.. +..#..#..#.....


You could see an ogre (slow), a centaur, a jelly, an orc and a bullfrog
skeleton.

Vanquished Creatures
  Pikel (D:8)
  A cyclops (D:9)
  A komodo dragon (D:8)
  A polar bear (D:9)
  Grinder (D:6)
  Prince Ribbit (D:4)
  Eustachio (D:4)
  A yak (D:9)
  A warg (D:9)
  A water moccasin (Lair:1)
  2 sky beasts
  2 orc warriors
  5 ice beasts
  3 ogres
  6 centaurs
  A lemure (D:8)
  A phantom (D:5)
  2 bullfrogs (D:5)
  A water moccasin zombie (D:9)
  2 wyvern skeletons
  2 scorpions
  A killer bee (D:7)
  15 wights
  2 electric eels (D:9)
  5 howler monkeys
  3 bullfrog zombies (D:5)
  2 quasits (D:9)
  A centaur zombie (D:6)
  3 jellies
  A centaur skeleton (D:5)
  7 hounds
  A bullfrog skeleton (D:8)
  3 orc priests
  4 iguanas
  6 orc wizards
  6 worker ants
  A hound zombie (D:8)
  2 hound skeletons
  4 worker ant zombies
  A howler monkey zombie (D:7)
  8 gnolls
  9 adders
  A shadow imp (D:5)
  2 white imps
  5 ufetubi
  An ooze (D:4)
  2 adder zombies (D:6)
  4 adder skeletons
  3 worms
  A dart slug (D:1)
  4 leopard geckos
  28 orcs
  4 giant cockroaches
  8 hobgoblins
  12 jackals
  5 quokkas
  2 ball pythons (D:4)
  A ball python zombie (D:5)
  6 bats
  7 frilled lizards
  5 goblins
  A jackal zombie (D:6)
  6 kobolds
  A leopard gecko zombie (D:6)
  2 quokka skeletons
  2 quokka zombies
  4 rats
239 creatures vanquished.

Vanquished Creatures (others)
  34 plants (D:8)
  A withered plant (D:7)
35 creatures vanquished.

Grand Total: 274 creatures vanquished

Notes
Turn   | Place    | Note
-------+----------+-------------------------------------------
     0 | Abyss:1  | rednaxela the Formicid Abyssal Knight began the quest for
                  | the Orb.
     0 | Abyss:1  | Reached XP level 1. HP: 18/18 MP: 2/2
    38 | D:1      | Escaped the Abyss
   145 | D:2      | Reached XP level 2. HP: 23/24 MP: 3/3
   430 | D:1      | Reached skill level 3 in Long Blades
   735 | D:1      | Reached XP level 3. HP: 28/29 MP: 4/4
   803 | D:1      | Reached ** piety under Lugonu
  1485 | D:2      | Found a glowing golden altar of the Shining One.
  1485 | D:2      | Found a shimmering altar of Xom.
  1963 | D:2      | Found a faded altar of an unknown god.
  2082 | D:2      | Reached skill level 4 in Long Blades
  2082 | D:2      | Reached XP level 4. HP: 35/35 MP: 5/5
  2276 | D:3      | Found an ornate altar of the Wu Jian Council.
  3209 | D:4      | Found Doffui's Assorted Antiques.
  3229 | D:4      | Reached XP level 5. HP: 39/41 MP: 6/6
  3480 | D:4      | Reached skill level 5 in Long Blades
  3509 | D:4      | Found an opulent altar of Gozag.
  3509 | D:4      | Found a sparkling altar of Nemelex Xobeh.
  3569 | D:4      | Found a sacrificial altar of Ru.
  3573 | D:4      | Reached XP level 6. HP: 38/47 MP: 7/7
  3773 | D:4      | Reached skill level 6 in Long Blades
  3878 | D:4      | Noticed Eustachio
  3901 | D:4      | Killed Eustachio
  3902 | D:4      | Reached skill level 7 in Long Blades
  3902 | D:4      | Reached XP level 7. HP: 49/52 MP: 8/8
  4061 | D:4      | Found a hazy altar of Hepliaklqana.
  4126 | D:4      | Found a broken altar of Ashenzari.
  4429 | D:5      | Entered Level 5 of the Dungeon
  4429 | D:5      | Noticed Prince Ribbit
  4502 | D:4      | Reached *** piety under Lugonu
  4633 | D:4      | Found a sacrificial altar of Ru.
  4756 | D:4      | Killed Prince Ribbit
  4757 | D:4      | Reached skill level 8 in Long Blades
  4991 | D:5      | Reached XP level 8. HP: 53/58 MP: 9/9
  5162 | D:5      | Reached skill level 9 in Long Blades
  5479 | D:5      | You fall into a shaft and drop 1 floor!
  5508 | D:6      | You fall into a shaft and drop 2 floors!
  5598 | D:6      | Reached skill level 10 in Long Blades
  5988 | D:5      | Reached XP level 9. HP: 52/63 MP: 10/10
  6081 | D:6      | Reached skill level 11 in Long Blades
  6540 | D:6      | Noticed Grinder
  6560 | D:6      | Killed Grinder
  6674 | D:6      | Found a basalt altar of Yredelemnul.
  6818 | D:6      | Reached skill level 12 in Long Blades
  6939 | D:6      | Found a bloodstained altar of Trog.
  7049 | D:6      | Reached **** piety under Lugonu
  7419 | D:7      | Found Deomnitz's Assorted Antiques.
  7426 | D:7      | Bought a bubbling white potion for 24 gold pieces
  7426 | D:7      | Bought a smoky dark potion for 24 gold pieces
  7426 | D:7      | Bought a scroll labelled IWUOPH HINY for 27 gold pieces
  7426 | D:7      | Bought a scroll labelled FETYXT QOFAEKK for 27 gold pieces
  7426 | D:7      | Bought a scroll labelled IWUOPH HINY for 27 gold pieces
  7426 | D:7      | Bought 2 fizzy coppery potions for 48 gold pieces
  7687 | D:7      | Noticed Harold
  7706 | D:7      | Banished Harold
  7707 | D:7      | Reached skill level 13 in Long Blades
  7707 | D:7      | Reached XP level 10. HP: 50/70 MP: 11/11
  8213 | D:7      | Reached skill level 14 in Long Blades
  8217 | D:7      | Reached skill level 1 in Dodging
  8531 | D:7      | Found a blossoming altar of Fedhas.
  8533 | D:7      | Found an ancient bone altar of Kikubaaqudgha.
  9021 | D:7      | Found a staircase to the Ecumenical Temple.
  9033 | Temple   | Entered the Ecumenical Temple
  9621 | D:8      | Reached skill level 3 in Invocations
  9631 | D:8      | Noticed Maurice
  9652 | D:8      | Banished Maurice
  9653 | D:8      | Reached skill level 4 in Fighting
  9653 | D:8      | Reached skill level 3 in Armour
  9653 | D:8      | Reached skill level 2 in Dodging
  9827 | D:8      | Noticed a komodo dragon
  9892 | D:8      | Killed a komodo dragon
 10222 | D:8      | Noticed a boulder beetle
 10229 | D:8      | Banished a boulder beetle
 10230 | D:8      | Reached skill level 5 in Fighting
 10230 | D:8      | Reached skill level 4 in Armour
 10230 | D:8      | Reached skill level 3 in Dodging
 10230 | D:8      | Reached skill level 4 in Invocations
 10230 | D:8      | Reached XP level 11. HP: 51/79 MP: 12/14
 10563 | D:8      | Found a staircase to the Lair.
 10597 | Lair:1   | Entered Level 1 of the Lair of Beasts
 10726 | D:8      | Noticed Pikel
 10778 | D:8      | Killed Pikel
 10778 | D:8      | Reached ***** piety under Lugonu
 10779 | D:8      | Reached skill level 5 in Invocations
 10916 | D:8      | Found a runed translucent gate.
 10917 | D:8      | Found a runed translucent gate.
 10919 | D:8      | Found a runed translucent gate.
 10926 | D:8      | Noticed foci's ghost (novice GrFi)
 10949 | D:8      | Found Gymami's Distillery.
 10957 | D:8      | Bought a potion of curing for 39 gold pieces
 10957 | D:8      | Bought a potion of resistance for 130 gold pieces
 11344 | D:9      | Reached skill level 5 in Armour
 11675 | D:9      | Reached skill level 4 in Dodging
 11847 | D:9      | Noticed a cyclops
 11993 | D:9      | Killed a cyclops
 11994 | D:9      | Reached skill level 6 in Fighting
 12465 | D:9      | Found a shimmering blue altar of Sif Muna.
 12558 | D:9      | Reached skill level 6 in Invocations
 12580 | D:9      | Found a staircase to the Orcish Mines.
 12776 | D:9      | Found a roughly hewn altar of Beogh.
 12817 | D:10     | Entered Level 10 of the Dungeon
 12830 | D:10     | Slain by an ogre

Illustrated notes

Levels and vault maps discovered:
D:1:      noname_arrival_rooms_in_the_neighbourhood, layout_loops_ring,
          nrook_campfire
D:2:      layout_loops_cross, grunt_temple_overflow_open,
          chequers_ecumenical_altar_lobes
D:3:      layout_basic, old_standard_altar
D:4:      layout_loops_ring, grunt_temple_overflow_opulence,
          nicolae_ru_awakened_eye, marbit_many_paths,
          nicolae_overflow_hidden_temple, serial_shops, shop,
          minmay_door_square, uniq_eustachio
D:5:      layout_rooms, serial_undead, serial_undead_b, serial_undead_f,
          serial_undead_a, serial_undead_a, minmay_misc_feat_tiny,
          uniq_prince_ribbit1
D:6:      layout_rooms, general_overflow_altar, lemuel_coloured_pillars_altar,
          uniq_grinder
D:7:      kennysheep_windowed_halls, layout_loops_ring,
          grunt_temple_overflow_growth_and_decay, minmay_temple_entry_fiery,
          serial_shops, nicolae_shop_stone, serial_co_window_serial,
          co_window_corner_a, co_window_paths_b, co_window_of_opportunity_a,
          co_window_of_opportunity_a, co_window_of_opportunity_a,
          co_window_broadway_c, co_window_broadway_b, co_window_paths_c,
          co_window_of_opportunity_b, co_window_corner_b, chequers_avenue,
          uniq_harold
D:8:      layout_gridville, david_lair_shrubbed, serial_shops,
          nicolae_shop_competitors_out_of_business, gammafunk_ghost_icy,
          kennysheep_generic_room_14, uniq_pikel, uniq_maurice
D:9:      layout_roguey [special_room_orc], lemuel_doored_altar, david_orc_3,
          serial_ice, serial_ice_j, serial_ice_b, serial_ice_g, serial_ice_d,
          serial_ice_n, serial_ice_c, serial_ice_m
D:10:     layout_stronghold, serial_shops, nicolae_shop_waterfront, shop,
          enter_trove_0
Temple:   nicolae_temple_figure_zero
Lair:1:   layout_cave_pods

Skill      XL: |  1  2  3  4  5  6  7  8  9 10 11 |
---------------+----------------------------------+-----
Long Blades    | 3 4 5 7 8 10 13 14 | 14.0
Dodging        | 3 4 |  4.4
Invocations    | 4 6 |  6.1
Fighting       | 5 6 |  6.3
Armour         | 4 5 |  5.7

Action                   |  1- 3 |  4- 6 |  7- 9 | 10-12 || total
-------------------------+-------+-------+-------+-------++-------
Melee: Falchion          |    84 |       |       |       ||    84
       Short sword       |     7 |    87 |   300 |   288 ||   682
       Scimitar          |       |       |       |   109 ||   109
       Long sword        |       |       |       |    14 ||    14
Throw: Dart              |       |       |       |     3 ||     3
 Abil: Shaft Self        |       |       |     1 |     1 ||     2
Evoke: Wand              |       |       |       |     4 ||     4
  Use: Scroll            |       |     4 |     9 |     6 ||    19
       Potion            |       |       |       |     3 ||     3
Armor: Scale mail        |    44 |    33 |       |       ||    77
       Chain mail        |       |       |   122 |   117 ||   239
Dodge: Dodged            |    55 |    40 |    94 |   133 ||   322
Block: Other             |       |       |    44 |    60 ||   104
       Rpst.: Falchion   |    11 |       |       |       ||    11
       Scimitar          |       |       |       |    10 ||    10
       Long sword        |       |       |       |     1 ||     1

Table legend: (Time is in decaauts)
 A = Elapsed time spent in this place.
 B = Non-inter-level travel time spent in this place.
 C = Inter-level travel time spent in this place.
 D = Time resting spent in this place.
 E = Time spent auto-exploring this place.
 F = Levels seen in this place.
 G = Mean time per level.
                   A        B        C        D        E       F      G
               +--------+--------+--------+--------+--------+-----+--------+
         Total |  12641 |  12255 |    386 |   1660 |   7979 |  13 |  972.4 |
       Dungeon |  12472 |  12095 |    377 |   1660 |   7866 |  10 | 1247.2 |
        Temple |    123 |    114 |      9 |      0 |    113 |   1 |  123.0 |
          Lair |      6 |      6 |      0 |      0 |      0 |   1 |    6.0 |
         Abyss |     38 |     38 |      0 |      0 |      0 |   1 |   38.0 |
               +--------+--------+--------+--------+--------+-----+--------+

Top non-repeatable levels by time:
     D:8: 1996 daAuts
     D:7: 1988 daAuts
     D:4: 1802 daAuts
     D:9: 1502 daAuts
     D:5: 1194 daAuts
     D:2: 1187 daAuts
     D:1: 1044 daAuts
     D:3: 950 daAuts
     D:6: 793 daAuts
  Temple: 123 daAuts
 Abyss:1: 38 daAuts
    D:10: 12 daAuts
  Lair:1: 6 daAuts
